 Dungeon Crawl Stone Soup version bcrawl-1.38.3 (webtiles) character file.

Game seed: 10235240486909067193

270645 Morbidden the Cudgeler (level 10, -9/58 HPs)
             Began as a Skeleton Archaeologist on July 3, 2023.
             Was an Elder of Vehumet.
             Mangled by Harold
             ... wielding a +0 trident of venom
              (16 damage)
             ... on level 8 of the Dungeon.
             The game lasted 00:18:05 (10116 turns).

Morbidden the Cudgeler (Skeleton Archaeologist)    Turns: 10116, Time: 00:18:05

Health: -9/58      AC: 12    Str: 24      XL:     10   Next: 46%
Magic:  0/21       EV:  8    Int: 22 (23) God:    Vehumet [****..]
Gold:   1559       SH:  9    Dex:  6 (7)  Spells: 7/24 levels left

rFire    + . .     GDR:     24% a - +6 war axe of Analysis {freeze, Int+6}
rCold    + . .     SeeInvis +   B - +0 medium shield
rNeg     + + +     Gourm    .   c - +0 scale mail
rPois    ∞         Faith    .   d - +1 hat
rElec    .         Spirit   +   r - +0 cloak (curse)
rCorr    .         Reflect  .   (no gloves)
MR       +....                  e - +1 pair of boots
Stlth    ++........             z - amulet of Sirycua {Regen rF+ Str+3}
HPRegen  0.19/turn              m - +4 ring of slaying
MPRegen  0.17/turn              A - ring of Summertime {rPois Str+4 Slay+3 SInv}

@: no status effects
A: no food or potions, cold resistance 1, deterioration 1, negative energy
resistance 3, powered by death 1, torment resistance, unbreathing, magic shield,
sturdy frame 2, spell healing
a: Renounce Religion


You were on level 8 of the Dungeon.
You worshipped Vehumet.
Vehumet was greatly pleased with you.
You were not hungry.

You visited 1 branch of the dungeon, and saw 8 of its levels.
You also visited: Sewer.

You collected 1629 gold pieces.
You spent 70 gold pieces at shops.

Inventory:

Hand Weapons
 a - the +6 war axe of Analysis (weapon) {freeze, Int+6}
   (You took it off a gnoll sergeant on level 7 of the Dungeon)

   It has been specially enchanted to freeze those struck by it, increasing
   damage dealt by approximately one third against foes not resistant or
   susceptible to cold, and potentially slowing cold-blooded foes.
   It affects your intelligence (+6).
 b - a +1 blowgun
 k - a +0 trident
 t - a +0 flail
 x - the +4 mace of Qonerod {flame, rElec Dex+2}
   (You found it on level 5 of the Dungeon)

   It has been specially enchanted to surge with flame as it hits, increasing
   damage dealt by approximately one third against foes not resistant or
   susceptible to fire.
   It affects your dexterity (+2).
   It insulates you from electricity.
Missiles
 f - 6 curare-tipped needles
 n - 136 poisoned tomahawks (quivered)
 o - 26 needles of confusion
Armour
 c - a +0 scale mail (worn)
 d - a +1 hat (worn)
 e - a +1 pair of boots (worn)
 g - a +0 plate armour
 r - a cursed +0 cloak (worn)
 B - a +0 medium shield (worn)
Jewellery
 m - a +4 ring of slaying (left hand)
 p - an uncursed ring of protection from cold
 z - the amulet of Sirycua (around neck) {Regen rF+ Str+3}
   (You acquired it on level 7 of the Dungeon)

   [amulet of regeneration]

   It affects your strength (+3).
   It protects you from fire.
 A - the ring of Summertime (right hand) {rPois Str+4 Slay+3 SInv}
   (You acquired it on level 7 of the Dungeon)

   [ring of see invisible]

   It affects your strength (+4).
   It affects your accuracy and damage with ranged weapons and melee attacks
   (+3).
   It protects you from poison.
   It lets you see invisible.
 C - an uncursed amulet of guardian spirit {unknown}
Wands
 h - a wand of polymorph (13)
 s - a wand of flame (13)
 v - a wand of charming (2)
 D - a wand of random effects (11)
Scrolls
 i - 2 scrolls of identify
 j - 4 scrolls of remove curse
 l - 2 scrolls of teleportation
 q - a scroll of immolation {unknown}
 u - 3 scrolls of magic mapping
 w - a scroll of amnesia {unknown}
 y - a scroll of noise {unknown}
 E - a scroll of enchant armour {unknown}


   Skills:
 * Level 4.9 Fighting
 * Level 2.2(5.4) Axes
 * Level 7.8(8.0) Maces & Flails
 * Level 3.7 Throwing
 * Level 6.0 Armour
 * Level 6.5 Dodging
 + Level 4.0 Stealth
 * Level 2.8 Shields
 * Level 7.5 Spellcasting
 * Level 5.0 Conjurations
 * Level 1.8 Fire Magic
 * Level 4.4 Ice Magic
 * Level 1.9 Poison Magic


You had 7 spell levels left.
You knew the following spells:

 Your Spells              Type           Power        Failure   Level  Hunger
a - Throw Frost           Conj/Ice       ####..       4%          2    N/A
b - Searing Ray           Conj           ####....     11%         2    N/A
c - Sting                 Conj/Pois      ###.         12%         1    N/A
d - Sticky Flame          Conj/Fire      ###.....     73%         4    N/A
e - Olgreb's Toxic Radia  Pois           ###......    100%        4    N/A
f - Throw Icicle          Conj/Ice       ####....     54%         4    N/A

Your spell library contained the following spells:

 Spells                   Type           Power        Failure   Level  Hunger
 Ignite Poison            Fire/Tmut/Pois ##......     61%         3    N/A
 Poisonous Vapours        Pois/Air       ##....       88%         2    N/A
 Venom Bolt               Conj/Pois      ###.......   95%         5    N/A
 Summon Scorpions         Summ/Pois      ##......     100%        4    N/A

Dungeon Overview and Level Annotations

Branches:
Dungeon (8/12)             Temple (0/1) D:4
   Lair: D:7-9          Orc: D:8-11

Altars:
Ashenzari
Makhleb
Vehumet

Shops:
D:6 (

Annotations:
D:8 Harold


Innate Abilities, Weirdness & Mutations

You do not eat or drink.
You are immune to poison.
Your flesh is cold resistant. (rC+)
Your body sometimes deteriorates upon taking damage.
You are immune to negative energy. (rN+++)
You regenerate a little health from kills.
You are immune to unholy pain and torment.
You can survive without breathing.
When hurt, damage is shared between your health and your magic reserves.
Your movements are less encumbered by armour. (ER -4)
Casting spells heals you.


Message History

No path to travel!
Throwing (i - inventory)
n - 137 poisoned tomahawks (quivered)
Press: ? - help, Shift-Dir - straight line, f/p - Harold
Aim: Harold, wielding a +0 trident of venom, wearing a +0 chain mail, wearing a +0 medium shield and quivering a throwing net (heavily wounded)
You throw a poisoned tomahawk.
Harold blocks the poisoned tomahawk.
Harold says, "This is so exciting!
What a great way to end my career!"
Harold hits you with a +0 trident of venom!
Your body deteriorates!
You feel dopey.
No path to travel!
Harold blocks your attack.
Harold is heavily wounded.
Harold hits you but does no damage.
No path to travel!
Harold blocks your attack.
Harold is heavily wounded.
Harold hits you with a +0 trident of venom!
* * * LOW HITPOINT WARNING * * *
Your body deteriorates!
You feel clumsy.
Harold hits you with a +0 trident of venom!!
You die...

...# .....##...............#
..(# ##.#.##.............###
..## ##..##...##...........#
...###...##...#.##..........#
#...##...##......#...........#
##........................#...#
............#..#..........#...#
.........[.##..##........#. ..#
.......(..##(...@@.......#..
.......^................
..............##......#.
...........######.....#
............. #..###
.............. ###
.........##.... .......... ##..


You could see Harold.

Vanquished Creatures
  Psyche (D:8)
  Pikel (D:6)
  Grinder (D:6)
  2 hippogriffs
  Sigmund (D:6)
  Eustachio (D:7)
  A hungry ghost (D:6)
  An orc warrior (D:7)
  2 slaves (D:6)
  An ice beast (D:8)
  A black bear (D:7)
  3 ogres
  2 bullfrogs (D:8)
  A kobold brigand (D:6)
  Blork the orc (D:7)
  7 gnoll sergeants
  5 centaurs
  3 scorpions
  2 killer bees (D:6)
  4 wights (D:7)
  7 crimson imps
  A bullfrog zombie (D:6)
  2 jellies
  A bullfrog skeleton (D:5)
  8 hounds
  A quasit (D:7)
  3 gnoll shamans
  5 orc wizards
  2 iguanas
  Ijyb (D:3)
  Natasha (thrice) (D:3)
  3 worker ants
  A hound skeleton (D:7)
  29 gnolls
  A howler monkey skeleton (D:6)
  7 adders
  2 shadow imps
  2 oozes
  An adder zombie (D:6)
  An adder skeleton (D:6)
  6 worms
  A dart slug (D:1)
  3 leopard geckos (D:3)
  28 orcs
  6 ball pythons
  9 giant cockroaches
  9 hobgoblins
  20 jackals
  13 kobolds
  5 quokkas
  16 bats
  7 frilled lizards
  2 goblins
  A jackal zombie (D:5)
  A quokka zombie (D:3)
  4 rats
253 creatures vanquished.

Vanquished Creatures (others)
  2 slaves (D:6)
2 creatures vanquished.

Grand Total: 255 creatures vanquished

Notes
Turn   | Place    | Note
-------+----------+-------------------------------------------
     0 | D:1      | Morbidden the Skeleton Archaeologist began the quest for
                  | the Orb.
     0 | D:1      | Reached XP level 1. HP: 12/12 MP: 1/1
   187 | D:1      | Reached XP level 2. HP: 15/16 MP: 2/2
   472 | D:1      | Reached skill level 1 in Spellcasting
  1126 | D:2      | Reached XP level 3. HP: 13/20 MP: 2/4
  2568 | D:3      | Found a glowing drain.
  2577 | D:3      | Reached XP level 4. HP: 26/26 MP: 4/6
  2589 | D:3      | Reached skill level 1 in Armour
  2590 | Sewer    | Entered a sewer
  3191 | D:3      | Found a radiant altar of Vehumet.
  3191 | D:3      | Found a burning altar of Makhleb.
  3199 | D:3      | Reached XP level 5. HP: 26/30 MP: 5/7
  3199 | D:3      | Identified a scroll of acquirement
  3207 | D:3      | Became a worshipper of Vehumet
  3242 | D:3      | Noticed Natasha
  3255 | D:3      | Killed Natasha
  3326 | D:3      | Noticed Natasha
  3357 | D:3      | Killed Natasha
  3472 | D:3      | Noticed Ijyb
  3495 | D:3      | HP: 1/30 [Ijyb/+0 dagger of chaos (10)]
  3658 | D:3      | Noticed Natasha
  3675 | D:3      | Killed Natasha
  3799 | D:3      | Killed Ijyb
  3949 | D:3      | Found a shattered altar of Ashenzari.
  4047 | D:3      | Gained mutation: You regenerate a little health from kills.
                  | [Skeleton growth]
  4047 | D:3      | Reached XP level 6. HP: 30/35 MP: 8/10
  4348 | D:4      | Reached * piety under Vehumet
  4348 | D:4      | Offered knowledge of Sting by Vehumet.
  4364 | D:4      | Reached skill level 5 in Maces & Flails
  4422 | D:4      | Learned a level 1 spell: Sting
  4505 | D:4      | Reached XP level 7. HP: 35/40 MP: 1/11
  5151 | D:4      | Found a staircase to the Ecumenical Temple.
  5913 | D:5      | Entered Level 5 of the Dungeon
  5931 | D:5      | Reached skill level 1 in Throwing
  5931 | D:5      | Reached skill level 1 in Conjurations
  5931 | D:5      | Reached skill level 1 in Poison Magic
  5995 | D:5      | Got a jewelled dagger
  6014 | D:5      | Identified the +8 dagger of Dissatisfaction {pierce, rF+}
                  | (You found it on level 5 of the Dungeon)
  6061 | D:5      | Offered knowledge of Throw Frost by Vehumet.
  6072 | D:5      | Learned a level 2 spell: Throw Frost
  6170 | D:5      | Reached ** piety under Vehumet
  6217 | D:5      | Got a masterwork mace
  6218 | D:5      | Identified the +4 mace of Qonerod {flame, rElec Dex+2} (You
                  | found it on level 5 of the Dungeon)
  6440 | D:5      | Reached XP level 8. HP: 45/45 MP: 12/14
  6516 | D:6      | Reached skill level 5 in Dodging
  6655 | D:6      | Reached skill level 1 in Ice Magic
  6863 | D:6      | Offered knowledge of Searing Ray by Vehumet.
  6874 | D:6      | Reached skill level 5 in Spellcasting
  6880 | D:6      | Learned a level 2 spell: Searing Ray
  6945 | D:6      | Noticed Grinder
  6946 | D:6      | Noticed Pikel
  7209 | D:6      | Found Quhaqees's Weapon Emporium.
  7246 | D:6      | Bought 64 poisoned tomahawks for 70 gold pieces
  7287 | D:6      | Killed Pikel
  7288 | D:6      | Reached XP level 9. HP: 36/52 MP: 13/17
  7448 | D:6      | Reached *** piety under Vehumet
  7525 | D:6      | Reached skill level 5 in Armour
  7662 | D:6      | Paralysed by Grinder for 2 turns
  7681 | D:6      | Killed Grinder
  7682 | D:6      | Reached skill level 1 in Shields
  8405 | D:7      | Offered knowledge of Sticky Flame by Vehumet.
  8509 | D:7      | Identified the +10 longbow "Killer Bee's Regret" {flame,
                  | -Tele Int+4 Dex+4} (You acquired it on level 7 of the
                  | Dungeon)
  8509 | D:7      | Identified the amulet of Sirycua {Regen rF+ Str+3} (You
                  | acquired it on level 7 of the Dungeon)
  8630 | D:7      | Learned a level 4 spell: Sticky Flame
  8744 | D:7      | Identified the +4 great mace "Kunoach" {protect, rC+} (You
                  | acquired it on level 7 of the Dungeon)
  8744 | D:7      | Identified the ring of Summertime {rPois Str+4 Slay+3 SInv}
                  | (You acquired it on level 7 of the Dungeon)
  8803 | D:7      | Noticed Blork the orc
  8814 | D:7      | Killed Blork the orc
  8814 | D:7      | Reached **** piety under Vehumet
  8825 | D:7      | Gained mutation: Your movements are less encumbered by
                  | armour. (ER -4) [Skeleton growth]
  8825 | D:7      | Reached XP level 10. HP: 49/58 MP: 14/20
  8857 | D:7      | Noticed Eustachio
  8864 | D:7      | Identified the +6 war axe of Analysis {freeze, Int+6}
  8875 | D:7      | Killed Eustachio
  9203 | D:6      | Found a blossoming altar of Fedhas.
  9312 | D:6      | Reached skill level 1 in Fire Magic
  9450 | D:6      | Noticed Sigmund
  9455 | D:6      | Killed Sigmund
  9774 | D:8      | Learned a level 4 spell: Olgreb's Toxic Radiance
  9779 | D:8      | Offered knowledge of Throw Icicle by Vehumet.
  9780 | D:8      | Reached skill level 1 in Axes
  9785 | D:8      | Learned a level 4 spell: Throw Icicle
  9910 | D:8      | Noticed Psyche
  9920 | D:8      | Killed Psyche
  9921 | D:8      | Reached skill level 5 in Conjurations
 10100 | D:8      | Noticed Harold
 10116 | D:8      | Mangled by Harold

Skill      XL: |  1  2  3  4  5  6  7  8  9 10 |
---------------+-------------------------------+-----
Spellcasting   | 1 2 3 4 5 6 7 |  7.5
Maces & Flails | 2 3 4 5 6 7 |  7.8
Armour         | 1 2 3 4 5 6 |  6.0
Fighting       | 2 4 |  4.9
Dodging        | 4 5 6 |  6.5
Stealth        | 4 |  4.0
Throwing       | 1 2 3 |  3.7
Conjurations   | 1 3 4 5 |  5.0
Poison Magic   | 1 |  1.9
Ice Magic      | 2 3 4 |  4.4
Shields        | 2 |  2.8
Fire Magic     | 1 |  1.8
Axes           | 2 |  2.2

Action                   |  1- 3 |  4- 6 |  7- 9 | 10-12 || total
-------------------------+-------+-------+-------+-------++-------
Melee: Whip              |   247 |   156 |       |       ||   403
       Flail             |       |   166 |    81 |       ||   247
       Mace              |       |       |   169 |    12 ||   181
       War axe           |       |       |       |    33 ||    33
Throw: Tomahawk          |       |    11 |    37 |     4 ||    52
 Cast: Sting             |       |     9 |    60 |       ||    69
       Throw Frost       |       |       |   135 |    53 ||   188
       Searing Ray       |       |       |    17 |     1 ||    18
  Use: Scroll            |     1 |     8 |     7 |       ||    16
 Stab: Sleeping          |     1 |     1 |       |       ||     2
Armor: Robe              |    16 |       |       |       ||    16
       Scale mail        |   101 |   226 |   193 |    14 ||   534
Dodge: Dodged            |   183 |   284 |   276 |    13 ||   756
Block: Medium shield     |       |       |       |    24 ||    24
